 Dungeon Crawl Stone Soup version 0.31-a0-590-g8a5a4361df (webtiles) character file.

Game seed: 15075473659580304939

256 Zonian the Ruffian (level 6, -2/70 HPs)
             Began as a Gnoll Shapeshifter on Aug 20, 2023.
             Slain by a wyvern (8 damage)
             ... on level 4 of the Dungeon.
             The game lasted 00:05:58 (3518 turns).

Zonian the Ruffian (Gnoll Shapeshifter)             Turns: 3518, Time: 00:05:59

Health: -2/70      AC: 30    Str: 15 (16) XL:     6   Next: 15%
Magic:  8/8        EV:  2    Int:  7 (8)  God:
Gold:   166        SH:  0    Dex:  9 (12) Spells: 8/8 levels left

rFire   . . .        r - +3 short sword (protect)
rCold   . . .        (no shield)
rNeg    . . .        a - melded +0 animal skin
rPois   +            (helmet currently unavailable)
rElec   .            (cloak currently unavailable)
rCorr   .            (gloves currently unavailable)
SInv    .            (boots currently unavailable)
Will    .....        (no amulet)
Stlth   ++           (no ring)
HPRegen 0.31/turn    (no ring)
MPRegen 0.11/turn

%: no passive effects
@: tree-form, under a protective aura
A: stationary, stasis, torment immunity, boosted hp, (fangs 1), strong nose,
distributed training
a: no special abilities


You were on level 4 of the Dungeon.
You were a tree.
You visited 1 branch of the dungeon, and saw 4 of its levels.

You collected 166 gold pieces.

Inventory:

Hand Weapons
 g - a +0 rapier
 j - a +1 whip of flaming
 r - a +3 short sword of protection (weapon)
Armour
 a - a +0 animal skin (melded)
Talismans
 c - a beast talisman
 d - a flux talisman
 o - a talisman of death
Scrolls
 i - 3 scrolls of teleportation
 m - 2 scrolls of fog
Potions
 e - a potion of invisibility {unknown}
 p - a potion of brilliance {unknown}


   Skills:
 + Level 3.2 Fighting
 + Level 1.8 Short Blades
 + Level 1.8 Long Blades
 + Level 1.8 Axes
 + Level 1.8 Maces & Flails
 + Level 1.8 Polearms
 + Level 1.8 Staves
 + Level 1.8 Ranged Weapons
 + Level 1.8 Throwing
 + Level 1.8 Armour
 + Level 4.9 Dodging
 + Level 1.8 Stealth
 + Level 1.8 Shields
 + Level 6.8 Unarmed Combat
 + Level 1.8 Spellcasting
 + Level 1.4 Conjurations
 + Level 1.4 Hexes
 + Level 1.4 Summonings
 + Level 1.4 Necromancy
 + Level 1.4 Translocations
 + Level 1.4 Transmutations
 + Level 1.4 Fire Magic
 + Level 1.4 Ice Magic
 + Level 1.4 Air Magic
 + Level 1.4 Earth Magic
 + Level 1.4 Poison Magic
 + Level 2.0 Invocations
 + Level 1.8 Evocations
 + Level 6.7 Shapeshifting


You had 8 spell levels left.
You didn't know any spells.
Your spell library contained the following spells:

 Spells                   Type           Power      Damage    Failure   Level
 Static Discharge         Conj/Air       4%         2-3/arc   32%         2
 Stone Arrow              Conj/Erth      4%         3d7       54%         3
 Volatile Blastmotes      Fire/Tloc      4%         2d10      54%         3
 Animate Armour           Summ/Erth      4%         N/A       91%         4
 Fulminant Prism          Conj/Hex       1%         3d5       91%         4
 Fireball                 Conj/Fire      1%         3d3       99%         5
 Lehudib's Crystal Spear  Conj/Erth      1%         10d2      100%        8


Dungeon Overview and Level Annotations

Branches:
Dungeon (4/15)
 Temple: D:4-7

Altars:

Shops:
D:4 :

Annotations:
D:2 1 runed translucent door, Crazy Yiuf


Innate Abilities, Weirdness & Mutations

You are a tree.
Your roots penetrate the ground, keeping you stationary.
You cannot be teleported.
You are immune to unholy pain and torment.
Your maximum health is greatly increased.
Your equipment is partially melded.
((You have very sharp teeth.))
Your uncanny sense of smell can sniff out nearby items.
Your experience applies equally to all skills.


Message History

You puncture the wyvern!
The wyvern is heavily wounded.
The wyvern bites you!
* * * LOW HITPOINT WARNING * * *
The wyvern completely misses you.
Unknown command.
Your transformation has ended.
You turn into a tree.
Your +0 animal skin melds into your body.
Your roots penetrate the ground.
The wyvern bites you but does no damage.
Unknown command.
You closely miss the wyvern.
The wyvern is heavily wounded.
The wyvern bites you but does no damage.
Unknown command.
You hit the wyvern.
The wyvern is severely wounded.
The wyvern bites you.
* * * LOW HITPOINT WARNING * * *
The wyvern bites you but does no damage.
You hit the wyvern.
The wyvern is severely wounded.
The wyvern bites you but does no damage.
Unknown command.
You closely miss the wyvern. Your punch misses the wyvern.
The wyvern is severely wounded.
The wyvern bites you but does no damage.
Unknown command.
You hit the wyvern but do no damage.
The wyvern is severely wounded.
The wyvern bites you but does no damage.
The wyvern bites you!
* * * LOW HITPOINT WARNING * * *
Unknown command.
It was a potion of degeneration.
There was something very wrong with that liquid.
You feel weakened.
You feel dopey.
You feel clumsy. The wyvern bites you!
You die...

..........# ####.....#
..........####........# .
#..........[.[.###.##.#
..##..........)...###.#####
.......###................#
.......###..(..#..#########
..................#
.........####..##.###
.......>Sl♣.).......#
.......##########.###
....... #.....# .......
#.##..#### .......
####.##.....### #######
#....###.#....#
#.##.....#..#.#
####.##.#####).#.###
#<÷(..[............#


You could see a wyvern and an adder.

Vanquished Creatures
  A scorpion (D:4)
  An orc priest (D:4)
  6 adders
  3 worms
  5 dart slugs
  6 orcs
  8 bats
  6 endoplasms
  2 giant cockroaches
  9 hobgoblins
  2 jackals (D:2)
  11 kobolds
  7 ball pythons
  11 frilled lizards
  7 goblins
  5 rats
90 creatures vanquished.

Notes
Turn   | Place    | Note
-------+----------+-------------------------------------------
     0 | D:1      | Zonian the Gnoll Shapeshifter began the quest for the Orb.
     0 | D:1      | Reached XP level 1. HP: 17/17 MP: 1/1
    95 | D:1      | Reached XP level 2. HP: 18/23 MP: 2/2
   154 | D:1      | Found a faded altar of an unknown god.
   276 | D:1      | Reached XP level 3. HP: 22/28 MP: 3/3
   812 | D:2      | Reached skill level 1 in Invocations
   856 | D:2      | Reached skill level 1 in Short Blades
   856 | D:2      | Reached skill level 1 in Long Blades
   856 | D:2      | Reached skill level 1 in Axes
   856 | D:2      | Reached skill level 1 in Maces & Flails
   856 | D:2      | Reached skill level 1 in Polearms
   856 | D:2      | Reached skill level 1 in Staves
   856 | D:2      | Reached skill level 1 in Ranged Weapons
   856 | D:2      | Reached skill level 1 in Throwing
   856 | D:2      | Reached skill level 1 in Armour
   856 | D:2      | Reached skill level 1 in Stealth
   856 | D:2      | Reached skill level 1 in Shields
   856 | D:2      | Reached skill level 1 in Spellcasting
   856 | D:2      | Reached skill level 1 in Evocations
  1001 | D:2      | Found a runed translucent door.
  1002 | D:2      | Noticed Crazy Yiuf
  1039 | D:2      | Reached XP level 4. HP: 34/34 MP: 5/5
  1242 | D:2      | Reached skill level 1 in Conjurations
  1242 | D:2      | Reached skill level 1 in Hexes
  1242 | D:2      | Reached skill level 1 in Summonings
  1242 | D:2      | Reached skill level 1 in Necromancy
  1242 | D:2      | Reached skill level 1 in Translocations
  1242 | D:2      | Reached skill level 1 in Transmutations
  1242 | D:2      | Reached skill level 1 in Fire Magic
  1242 | D:2      | Reached skill level 1 in Ice Magic
  1242 | D:2      | Reached skill level 1 in Air Magic
  1242 | D:2      | Reached skill level 1 in Earth Magic
  1242 | D:2      | Reached skill level 1 in Poison Magic
  1792 | D:3      | Reached XP level 5. HP: 38/40 MP: 5/7
  2054 | D:3      | Got the Cyclopedia of the Translocated Barrage
  2666 | D:4      | Found Qaucrorghe's Self-Improvement Boutique.
  3159 | D:4      | Reached XP level 6. HP: 46/47 MP: 8/8
  3275 | D:4      | Noticed a black bear
  3379 | D:4      | Noticed a wyvern
  3518 | D:4      | Slain by a wyvern

Illustrated notes

Levels and vault maps discovered:
D:1:      nagdon_arrival_zigzag_paths, layout_basic,
          dreamdust_ecumenical_altar_statues
D:2:      layout_basic, nrook_mini_vaults, kennysheep_nub, minmay_lizard_pond,
          uniq_crazy_yiuf_cottage
D:3:      layout_loops_cross
D:4:      layout_basic, eino_tiny_chamber, nicolae_shop_self_help

Skill      XL: |  1  2  3  4  5 |
---------------+----------------+-----
Invocations    | 1 2 |  2.0
Short Blades   | 1 |  1.8
Long Blades    | 1 |  1.8
Axes           | 1 |  1.8
Maces & Flails | 1 |  1.8
Polearms       | 1 |  1.8
Staves         | 1 |  1.8
Ranged Weapons | 1 |  1.8
Throwing       | 1 |  1.8
Armour         | 1 |  1.8
Stealth        | 1 |  1.8
Shields        | 1 |  1.8
Spellcasting   | 1 |  1.8
Evocations     | 1 |  1.8
Conjurations   | 1 |  1.4
Hexes          | 1 |  1.4
Summonings     | 1 |  1.4
Necromancy     | 1 |  1.4
Translocations | 1 |  1.4
Transmutations | 1 |  1.4
Fire Magic     | 1 |  1.4
Ice Magic      | 1 |  1.4
Air Magic      | 1 |  1.4
Earth Magic    | 1 |  1.4
Poison Magic   | 1 |  1.4
Fighting       | 3 |  3.2
Dodging        | |  4.9
Unarmed Combat | |  6.8
Shapeshifting  | |  6.7

Action                     |  1- 3 |  4- 6 || total
---------------------------+-------+-------++-------
  Melee: Unarmed           |    74 |    65 ||   139
         Punch             |     3 |     5 ||     8
         Bite              |     4 |     8 ||    12
         Short sword       |       |    41 ||    41
    Use: Scroll            |       |     8 ||     8
         Potion            |       |     2 ||     2
   Stab: Sleeping          |     3 |     2 ||     5
 Armour: Animal skin       |     6 |    13 ||    19
         Skin              |       |     6 ||     6
  Dodge: Dodged            |    36 |    72 ||   108

Table legend: (Time is in decaauts)
 A = Elapsed time spent in this place.
 B = Non-inter-level travel time spent in this place.
 C = Inter-level travel time spent in this place.
 D = Time resting spent in this place.
 E = Time spent auto-exploring this place.
 F = Levels seen in this place.
 G = Mean time per level.
                   A        B        C        D        E       F      G
               +--------+--------+--------+--------+--------+-----+--------+
         Total |   3497 |   3385 |    112 |    917 |   1803 |   4 |  874.2 |
       Dungeon |   3497 |   3385 |    112 |    917 |   1803 |   4 |  874.2 |
               +--------+--------+--------+--------+--------+-----+--------+

Top non-repeatable levels by time:
     D:3: 1458 daAuts
     D:1: 779 daAuts
     D:2: 721 daAuts
     D:4: 538 daAuts
